 Dungeon Crawl Stone Soup version 0.20.1-1-g8b1a95d (webtiles) character file.

74 Schiappus the Chopper (level 4, -1/35 HPs)
             Began as a Demonspawn Berserker on Sept 10, 2017.
             Was a Believer of Trog.
             Slain by a hobgoblin
             ... wielding a +0 club
              (4 damage)
             ... on level 2 of the Dungeon.
             The game lasted 00:03:48 (782 turns).

Schiappus the Chopper (Demonspawn Berserker)         Turns: 782, Time: 00:03:48

Health: -1/35      AC:  3    Str: 18    XL:     4   Next: 9%
Magic:  4/4        EV: 12    Int:  8    God:    Trog [**....]
Gold:   114        SH:  0    Dex: 13    Spells: 3/3 levels left

rFire    x . .     SeeInvis .   a - +0 hand axe
rCold    + . .     Gourm    .   (no shield)
rNeg     . . .     Faith    .   b - +1 animal skin
rPois    .         Spirit   .   (no helmet)
rElec    .         Reflect  .   (no cloak)
rCorr    .         Harm     .   (no gloves)
MR       .....                  (no boots)
Stlth    +.........             (no amulet)
Regen    0.2/turn               h - ring of ice
MPRegen  0.1/turn               (no ring)

@: no status effects
A: claws 1, spiny 1
a: Berserk, Trog's Hand, Burn Spellbooks, Renounce Religion


You were on level 2 of the Dungeon.
You worshipped Trog.
Trog was pleased with you.
You were not hungry.

You visited 1 branch of the dungeon, and saw 2 of its levels.

You collected 114 gold pieces.

Inventory:

Hand Weapons
 a - a +0 hand axe (weapon)
Armour
 b - a +1 animal skin (worn)
Jewellery
 d - an uncursed amulet of faith {unknown}
 h - a ring of ice (left claw)
Scrolls
 e - 2 scrolls of magic mapping
Potions
 f - a potion of flight {unknown}
 j - a potion of curing
Comestibles
 c - 2 bread rations
 g - 2 meat rations
 i - 2 royal jellies


   Skills:
 + Level 3.4 Fighting
 + Level 3.7 Axes
 + Level 2.0 Armour
 + Level 2.3 Dodging
 + Level 0.2 Stealth


You had 3 spell levels left.
You didn't know any spells.

Dungeon Overview and Level Annotations

Branches:
Dungeon (2/15)

Altars:
Makhleb


Innate Abilities, Weirdness & Mutations

You have sharp fingernails.
You are partially covered in sharp spines.


Message History

Found a stone staircase leading down.
You see here 3 arrows.
Found 12 gold pieces.
The hobgoblin hits you with a club.
Found a scroll labeled SACHONL QANTU.
You hit the hobgoblin but do no damage.
The hobgoblin hits you but does no damage.
You barely miss the hobgoblin. The hobgoblin closely misses you.
You hit the hobgoblin.
The hobgoblin is almost dead.
The hobgoblin hits you with a club.
* * * LOW HITPOINT WARNING * * *
You barely miss the hobgoblin.
The hobgoblin is almost dead.
The hobgoblin hits you with a club.
* * * LOW HITPOINT WARNING * * *
You barely miss the hobgoblin.
The hobgoblin is almost dead.
The hobgoblin hits you with a club.
You die...

#......................
#......###.###†........
#......# #.# #.........
#......###'###..#......
#........'_'....#......
#......#######........#
##.....(# ### #........#
......$.#######.........
##.....@................
#.....g................
#.....?................
#.......#.#..#..#......
..........>.... .....
............... .....
##...$..####... #..
#......# ..?.. .
#......#...


You could see a hobgoblin.

Vanquished Creatures
  A gnoll (D:1)
  3 adders (D:2)
  A dart slug (D:1)
  A leopard gecko (D:1)
  A giant cockroach (D:1)
  A goblin (D:1)
  4 hobgoblins
  10 jackals (D:1)
  4 kobolds
  3 bats (D:1)
  A frilled lizard (D:2)
  3 rats
33 creatures vanquished.

Notes
Turn   | Place    | Note
-------+----------+-------------------------------------------
     0 | D:1      | Schiappus the Demonspawn Berserker began the quest for the Orb.
     0 | D:1      | Reached XP level 1. HP: 18/18 MP: 1/1
    94 | D:1      | Gained mutation: You are partially covered in sharp spines. [demonic ancestry]
    94 | D:1      | Reached XP level 2. HP: 19/24 MP: 2/2
   459 | D:1      | Reached XP level 3. HP: 29/29 MP: 3/3
   660 | D:2      | Reached ** piety under Trog
   747 | D:2      | Gained mutation: You have sharp fingernails. [demonic ancestry]
   747 | D:2      | Reached XP level 4. HP: 13/35 MP: 4/4
   758 | D:2      | Found a burning altar of Makhleb.
   782 | D:2      | Slain by a hobgoblin

Skill      XL: |  1  2 |
---------------+-------+-----
Armour         | 2 |  2.0
Dodging        | 2 |  2.3
Axes           | 3 |  3.7
Fighting       | |  3.4
Stealth        | |  0.2

Action                   |  1- 3 |  4- 6 || total
-------------------------+-------+-------++-------
Melee: Hand axe          |    69 |     5 ||    74
  Use: Scroll            |     4 |       ||     4
       Potion            |     1 |       ||     1
Armor: Animal skin       |    11 |       ||    11
Dodge: Dodged            |    64 |     1 ||    65
